 Dungeon Crawl Stone Soup version 0.30-a0-459-g9104f0fc43 (webtiles) character file.

Game seed: 11068632329485435799

216 cforsyth the Ruffian (level 5, -2/53 HPs)
             Began as a Troll Fighter on Dec 16, 2022.
             Slain by a black bear (5 damage)
             ... on level 5 of the Dungeon.
             The game lasted 00:03:12 (2720 turns).

cforsyth the Ruffian (Troll Fighter)                Turns: 2720, Time: 00:03:13

Health: -2/53      AC:  4    Str: 24    XL:     5   Next: 61%
Magic:  4/4        EV:  8    Int:  6    God:
Gold:   134        SH:  7    Dex:  9    Spells: 4/4 levels left

rFire   + . .      SeeInvis .      - Unarmed
rCold   + . .      Faith    .    b - +0 kite shield
rNeg    . . .      Spirit   .    a - +0 robe
rPois   .          Reflect  .    (helmet restricted)
rElec   .          Harm     .    i - scarf {rC+ rF+}
rCorr   .          Rampage  .    (gloves unavailable)
Will    .....                    (boots unavailable)
Stlth   +.........               h - amulet of regeneration
HPRegen 1.88/turn                (no ring)
MPRegen 0.09/turn                (no ring)

@: no status effects
A: large, unfitting armour, claws 3, regeneration 1, shaggy fur 1, tough skin 1
a: no special abilities


You were on level 5 of the Dungeon.
You visited 1 branch of the dungeon, and saw 5 of its levels.

You collected 134 gold pieces.

Inventory:

Armour
 a - a +0 robe (worn)
 b - a +0 kite shield (worn)
 i - a scarf of resistance (worn)
Jewellery
 h - an amulet of regeneration (around neck)
Wands
 u - a wand of flame (19)
Scrolls
 d - a scroll of vulnerability {unknown}
 f - 2 scrolls of fog {unknown}
 k - a scroll of poison {unknown}
 l - 4 scrolls of teleportation {unknown}
 s - a scroll of magic mapping {unknown}
 v - a scroll of torment {unknown}
 w - a scroll of identify
Potions
 c - 4 potions of might
 e - 2 potions of curing
 g - 2 potions of magic
 j - a potion of cancellation
 m - 3 potions of heal wounds
 n - 2 potions of attraction
 o - a potion of ambrosia {unknown}
 p - 3 potions of flight
 q - a potion of invisibility {unknown}
 r - 2 potions of mutation {unknown}
 t - a potion of resistance {unknown}


   Skills:
 + Level 3.3 Fighting
 - Level 2.4 Dodging
 + Level 3.7 Shields
 * Level 4.4 Unarmed Combat


You had 4 spell levels left.
You didn't know any spells.
Your spell library contained the following spells:

 Spells                   Type           Power      Damage    Failure   Level
 Ensorcelled Hibernation  Hex/Ice        0%         N/A       87%         2
 Passwall                 Tmut/Erth      0%         N/A       87%         2
 Swiftness                Air            0%         N/A       98%         3


Dungeon Overview and Level Annotations

Branches:
Dungeon (5/15)
 Temple: D:4-7

Altars:
Gozag
Vehumet

Portals:
Abyss: D:4

Annotations:
D:2 1 runed translucent door, Crazy Yiuf
D:4 2 transporters


Innate Abilities, Weirdness & Mutations

You are too large for most types of armour.
You have claws for hands.
Your natural rate of healing is unusually fast.
You are covered in fur. (AC +1)
You have tough skin. (AC +1)


Message History

You are too injured to fight recklessly!
You are too injured to fight recklessly!
You are too injured to fight recklessly!
You are too injured to fight recklessly!
You are too injured to fight recklessly!
You are too injured to fight recklessly!
You are too injured to fight recklessly!
You scratch the black bear but do no damage.
The black bear is severely wounded.
The black bear bites you but does no damage.
The black bear claws you. x2; The adder bites you.
The black bear bites you.
The black bear claws you. x2; You block the adder's attack.
You closely miss the black bear.
The black bear is severely wounded.
You block the black bear's attack. The black bear barely misses you. x2
You block the adder's attack.
You scratch the black bear but do no damage.
The black bear is severely wounded.
The black bear closely misses you. The black bear claws you.
The black bear barely misses you. The adder bites you.
The black bear bites you. The black bear claws you.
* * * LOW HITPOINT WARNING * * *
The black bear claws you.
* * * LOW HITPOINT WARNING * * *
You closely miss the black bear.
The black bear is severely wounded.
The adder closely misses you. The black bear bites you.
* * * LOW HITPOINT WARNING * * *
The black bear claws you.
* * * LOW HITPOINT WARNING * * *
The black bear claws you.
* * * LOW HITPOINT WARNING * * *
The adder barely misses you.
Unknown command.
You closely miss the black bear.
The black bear is severely wounded.
The black bear bites you.
* * * LOW HITPOINT WARNING * * *
The black bear claws you.
You die...

...# . ...###
#. .....
##.#######...#
#........#...#
##........#...#
..........<...#
......S....####
......h@...#
..$........#
........#.##
........#.#
..#######.. .
####


You could see a black bear (berserk) and an adder.

Vanquished Creatures
  2 hounds
  Terence (D:2)
  6 adders
  3 worms (D:2)
  A dart slug (D:4)
  An orc (D:3)
  9 endoplasms
  4 giant cockroaches
  3 goblins
  6 hobgoblins
  4 jackals (D:1)
  6 kobolds
  2 quokkas
  6 ball pythons
  3 bats (D:2)
  2 frilled lizards (D:1)
  8 rats
67 creatures vanquished.

Notes
Turn   | Place    | Note
-------+----------+-------------------------------------------
     0 | D:1      | cforsyth the Troll Fighter began the quest for the Orb.
     0 | D:1      | Reached XP level 1. HP: 22/22 MP: 0/0
   290 | D:1      | Reached XP level 2. HP: 29/29 MP: 1/1
   679 | D:2      | Reached skill level 3 in Unarmed Combat
   679 | D:2      | Reached XP level 3. HP: 36/36 MP: 2/2
   716 | D:2      | You fall into a shaft and drop 1 floor!
   830 | D:3      | Reached XP level 4. HP: 44/44 MP: 3/3
   874 | D:3      | Found an opulent altar of Gozag.
  1099 | D:2      | Noticed Terence
  1107 | D:2      | Killed Terence
  1160 | D:2      | Found a runed translucent door.
  1161 | D:2      | Noticed Crazy Yiuf
  1322 | D:2      | Reached skill level 4 in Unarmed Combat
  1322 | D:2      | Reached XP level 5. HP: 53/53 MP: 4/4
  2149 | D:4      | Found a radiant altar of Vehumet.
  2322 | D:4      | Found a transporter.
  2326 | D:4      | Found a transporter.
  2330 | D:4      | Noticed a toenail golem
  2376 | D:4      | Found a one-way gate to the infinite horrors of the Abyss.
  2390 | D:4      | Noticed a small abomination
  2709 | D:5      | Entered Level 5 of the Dungeon
  2709 | D:5      | Noticed a black bear
  2720 | D:5      | Slain by a black bear

Illustrated notes

Levels and vault maps discovered:
D:1:      dpeg_arrival_pond, layout_rooms, serial_curves, eino_curves_04,
          eino_curves_04, eino_curves_04, eino_curves_01
D:2:      layout_basic, uniq_crazy_yiuf_cottage, uniq_terence
D:3:      layout_rooms, mainiacjoe_overflow_paths, minmay_unequal
D:4:      layout_basic, vehumet_altar_wand_db, gammafunk_ghost_abyssal_escape
D:5:      layout_basic, mainiacjoe_overflow_concentric_impassable

Skill      XL: |  1  2  3  4 |
---------------+-------------+-----
Shields        | 3 |  3.7
Unarmed Combat | 3 4 |  4.4
Fighting       | 3 |  3.3
Dodging        | |  2.4

Action                   |  1- 3 |  4- 6 || total
-------------------------+-------+-------++-------
Melee: Unarmed           |   111 |    88 ||   199
  Use: Scroll            |       |     6 ||     6
 Stab: Sleeping          |       |     1 ||     1
Armor: Robe              |    54 |    23 ||    77
Dodge: Dodged            |    48 |    34 ||    82
Block: Kite shield       |    43 |    31 ||    74

Table legend: (Time is in decaauts)
 A = Elapsed time spent in this place.
 B = Non-inter-level travel time spent in this place.
 C = Inter-level travel time spent in this place.
 D = Time resting spent in this place.
 E = Time spent auto-exploring this place.
 F = Levels seen in this place.
 G = Mean time per level.
                   A        B        C        D        E       F      G
               +--------+--------+--------+--------+--------+-----+--------+
         Total |   2733 |   2578 |    155 |      0 |   2095 |   5 |  546.6 |
       Dungeon |   2733 |   2578 |    155 |      0 |   2095 |   5 |  546.6 |
               +--------+--------+--------+--------+--------+-----+--------+

Top non-repeatable levels by time:
     D:2: 982 daAuts
     D:4: 652 daAuts
     D:3: 545 daAuts
     D:1: 542 daAuts
     D:5: 11 daAuts
